 Dungeon Crawl Stone Soup version 0.30-a0-263-ge22c4ad894 (webtiles) character file.

Game seed: 14494077503087194701

7 gzilladon the Chopper (level 2, 0/26 HPs)
             Began as a Hill Orc Monk on Oct 13, 2022.
             Slain by a goblin
             ... wielding a +0 club
              (3 damage)
             ... on level 1 of the Dungeon.
             The game lasted 00:00:27 (76 turns).

gzilladon the Chopper (Hill Orc Monk)                 Turns: 76, Time: 00:00:28

Health: 0/26       AC:  2    Str: 13    XL:     2   Next: 4%
Magic:  2/2        EV: 12    Int: 10    God:
Gold:   0          SH:  0    Dex: 13    Spells: 1/1 levels left

rFire   . . .      SeeInvis .    a - +0 hand axe
rCold   . . .      Faith    .    (no shield)
rNeg    . . .      Spirit   .    b - +0 robe
rPois   .          Reflect  .    (no helmet)
rElec   .          Harm     .    (no cloak)
rCorr   .          Rampage  .    (no gloves)
Will    .....                    (no boots)
Stlth   ++........               (no amulet)
HPRegen 0.24/turn                (no ring)
MPRegen 0.08/turn                (no ring)

@: no status effects
A: no striking features
a: no special abilities


You were on level 1 of the Dungeon.
You visited 1 branch of the dungeon, and saw 1 of its levels.

Inventory:

Hand Weapons
 a - a +0 hand axe (weapon)
Armour
 b - a +0 robe (worn)
Potions
 c - a potion of ambrosia


   Skills:
 + Level 3.6 Fighting
 * Level 4.7 Axes
 + Level 2.4 Dodging
 + Level 1.5 Stealth


You had one spell level left.
You didn't know any spells.
Your spell library was empty.

Dungeon Overview and Level Annotations

Branches:
Dungeon (1/15)

Altars:


Message History

You hit the rat. The hobgoblin barely misses you.
The rat twitches its whiskers.
The rat closely misses you.
You hit the hobgoblin.
The hobgoblin is almost dead.
You barely miss the rat. The rat bites you.
* * * LOW HITPOINT WARNING * * *
The hobgoblin closely misses you.
You hit the hobgoblin.
The hobgoblin is almost dead.
You barely miss the rat. The hobgoblin hits you.
* * * LOW HITPOINT WARNING * * *
The rat misses you.
A goblin comes into view. It is wielding a +0 club.
The goblin shouts!
You hit the hobgoblin.
You kill the hobgoblin!
You hit the rat.
You kill the rat!
A rat comes into view.
You have reached level 2!
The dart slug launches a dart at you. The slug dart misses you.
Things that are here:
a +0 short sword; a kobold corpse An endoplasm comes into view.
You hit the dart slug.
The dart slug is heavily wounded.
The dart slug bites you but does no damage.
You hit the dart slug.
The dart slug is severely wounded.
You hit the rat but do no damage.
The dart slug bites you but does no damage.
The rat closely misses you.
You hit the dart slug.
You kill the dart slug!
You hit the rat.
You kill the rat!
You barely miss the goblin. The goblin hits you with a +0 club.
You die...

#.# §§.# ##
#.####..#≈.#
...#.....##...#
##.#.##### # ## ##
#. .....## ####[.
#. #.....# #... ..
#..##.##########.#
.## #..
#..........†.##
... #..
#########...@†##.#
#. #.###g†..## #.
#.# #.)...#
#.##.##...# #...#
.J.# ##.. ##... ##
...# ##.# .


You could see an endoplasm and a goblin.

Vanquished Creatures
  A dart slug (D:1)
  An endoplasm (D:1)
  2 hobgoblins (D:1)
  2 kobolds (D:1)
  3 rats (D:1)
9 creatures vanquished.

Notes
Turn   | Place    | Note
-------+----------+-------------------------------------------
     0 | D:1      | gzilladon the Hill Orc Monk began the quest for the Orb.
     0 | D:1      | Reached XP level 1. HP: 19/19 MP: 1/1
    70 | D:1      | Reached XP level 2. HP: 1/26 MP: 2/2
    76 | D:1      | Slain by a goblin

Illustrated notes

Levels and vault maps discovered:
D:1:      dpeg_arrival_brainrot, layout_loops_ring, minmay_vboxes

Action                   || total
-------------------------++-------
Melee: Hand axe          ||    13
Armor: Robe              ||     2
Dodge: Dodged            ||    15

Table legend: (Time is in decaauts)
 A = Elapsed time spent in this place.
 B = Non-inter-level travel time spent in this place.
 C = Inter-level travel time spent in this place.
 D = Time resting spent in this place.
 E = Time spent auto-exploring this place.
 F = Levels seen in this place.
 G = Mean time per level.
                   A        B        C        D        E       F      G
               +--------+--------+--------+--------+--------+-----+--------+
         Total |     77 |     71 |      6 |      0 |      0 |   1 |   77.0 |
       Dungeon |     77 |     71 |      6 |      0 |      0 |   1 |   77.0 |
               +--------+--------+--------+--------+--------+-----+--------+

Top non-repeatable levels by time:
     D:1: 77 daAuts
